AoeStats
← ...CGR...

Arena

507825035Analyzed
1v1 RM · 11d ago on Sep 19, 2026· 35m 19s· 2 players
Game mode
Random Map
Map size
Tiny (2 player)
Population
200
Speed
Normal
Resources
Standard
Victory
Conquest
Starting age
Dark Age
Ending age
Imperial Age
RankedLock teamsTeams togetherTeam positionsShared explorationLock speedFull tech treeHidden civsTurbo modeCheats
Victory
Defeat
🇹🇷 Mongols · Türkiye
687
+17
🇨🇱 Saracens · Chile
700
-17
...CGR...
9:46 Feudal Age
15:14 Castle Age
13:10 Horse Collar
20:55 Double-Bit Axe
23:18 Bow Saw
29:12 Heavy Plow
WALLACE
7:42 Loom
8:48 Loom
11:27 Feudal Age
12:01 Double-Bit Axe
12:06 Town Watch
22:27 Castle Age
25:13 Stone Mining
34:48 Imperial Age
38:22 Imperial Age
Connection lost

Rejoining the realm…

Still unreachable

The connection could not be restored.

Session expired

The server has moved on; the page needs a fresh start.